 Dungeon Crawl Stone Soup version 0.28.0-1-gb440e238dd (webtiles) character file.

Game seed: 6401749010563790723

383 themarg the Caller (level 6, -1/34 HPs)
             Began as a Tengu Summoner on Feb 20, 2022.
             Was a Follower of Sif Muna.
             Slain by a kobold brigand (4 damage)
             ... on level 4 of the Dungeon.
             The game lasted 00:21:22 (5660 turns).

themarg the Caller (Tengu Summoner)                 Turns: 5660, Time: 00:21:24

Health: -1/34      AC:  3    Str:  8    XL:     6   Next: 76%
Magic:  12/12      EV: 14    Int: 18    God:    Sif Muna [*.....]
Gold:   127        SH:  0    Dex: 14    Spells: 5/12 levels left

rFire   . . .      SeeInvis .   s - +0 spear
rCold   . . .      Faith    .   (no shield)
rNeg    . . .      Spirit   .   t - +0 leather armour
rPois   .          Reflect  .   (helmet restricted)
rElec   .          Harm     .   (no cloak)
rCorr   .          Rampage  .   (no gloves)
Will    .....                   (boots unavailable)
Stlth   +.........              (no amulet)
HPRegen 0.11/turn               (no ring)
MPRegen 0.13/turn               (no ring)

@: confused, lethally poisoned (-1 -> -20), ambrosia-drunk, flying quickly and
evasively, hasted and slowed, quick
A: beak, talons 3, nimble flight
a: Renounce Religion, Channel Magic


You were on level 4 of the Dungeon.
You worshipped Sif Muna.
Sif Muna was aware of your devotion.
You visited 1 branch of the dungeon, and saw 4 of its levels.

You collected 127 gold pieces.

Inventory:

Hand Weapons
 g - a +0 rapier
 q - a +0 halberd
 s - a +0 spear (weapon)
Missiles
 e - 62 stones
 r - 12 poisoned darts
Armour
 a - a +0 robe
 t - a +0 leather armour (worn)
Wands
 u - a wand of mindburst (11)
Scrolls
 b - a scroll of fear {unknown}
 f - 3 scrolls of identify {unknown}
 h - 2 scrolls of blinking {unknown}
 i - 2 scrolls of teleportation {unknown}
 j - 2 scrolls of summoning {unknown}
 k - a scroll of magic mapping {unknown}
 m - a scroll of vulnerability {unknown}
 n - a scroll of amnesia {unknown}
 v - a scroll of noise {unknown}
Potions
 c - a potion of ambrosia
 d - a potion of degeneration {unknown}
 l - 2 potions of haste
 o - a potion of curing {unknown}
 p - 2 potions of flight {unknown}


   Skills:
 + Level 1.3 Fighting
 + Level 2.2 Short Blades
 + Level 1.2 Polearms
 + Level 2.7 Dodging
 + Level 2.6 Stealth
 + Level 3.7 Spellcasting
 + Level 0.3 Hexes
 + Level 6.7 Summonings


You had 5 spell levels left.
You knew the following spells:

 Your Spells              Type           Power      Damage    Failure   Level
a - Summon Small Mammal   Summ           100%       N/A       1%          1
b - Call Canine Familiar  Summ           27%        N/A       4%          3
c - Summon Guardian Gole  Hex/Summ       16%        N/A       16%         3

Your spell library contained the following spells:

 Spells                   Type           Power      Damage    Failure   Level
 Call Imp                 Summ           27%        N/A       1%          2
 Summon Lightning Spire   Summ/Air       15%        N/A       50%         4


Dungeon Overview and Level Annotations

Branches:
Dungeon (4/15)
 Temple: D:4-7

Altars:
Sif Muna

Shops:
D:1 [


Innate Abilities, Weirdness & Mutations

You have a beak for a mouth.
You have claws for feet.
Your magical nature lets you fly swiftly and evasively.


Message History

The curare-tipped dart hits you.
You are more poisoned.
You have difficulty breathing.
You feel yourself slow down.
You feel very sick.
The kobold brigand blocks your hound's attack.
The kobold brigand throws a curare-tipped dart.
The curare-tipped dart closely misses you.
The kobold brigand throws a poisoned dart.
The poisoned dart hits you.
You are lethally poisoned!
The kobold brigand blocks your hound's attack.
It was a potion of haste.
You feel yourself speed up.
* * * LOW HITPOINT WARNING * * *
You feel very sick.
The kobold brigand blocks your hound's attack.
Your hound completely misses the kobold brigand.
The kobold brigand hits your hound with a +0 falchion of holy wrath!
The kobold brigand completely misses you.
It was a potion of ambrosia.
You are confused.
You feel invigorated.
You feel very sick.
The kobold brigand blocks your hound's attack.
The kobold brigand hits your hound with a +0 falchion of holy wrath.
The kobold brigand hits you with a +2 dagger of venom!
* * * LOW HITPOINT WARNING * * *
You are more poisoned.
The kobold brigand blocks your hound's attack.
Are you sure you want to stumble around while confused and next to your hound? [Y]es or [N]o only, please.
Are you sure you want to stumble around while confused and next to your hound? [Y]es or [N]o only, please.
Are you sure you want to stumble around while confused and next to your hound?
You bump into the rock wall.
* * * LOW HITPOINT WARNING * * *
You feel very sick.
Your hound closely misses the kobold brigand.
The kobold brigand barely misses your hound.
The kobold brigand hits you with a +2 dagger of venom.
You die...

####.#######...............###.#
#..............###########).....
#.........##............).......
#....>....##...#############....
#.........##...# ##≈≈≈≈≈###....
#.......######## ##≈≈≈≈≈≈≈≈#.###
#.....###)....### ≈≈≈≈≈≈≈# ### #
#.......)).)....###...≈... . ##
#........#####.@K........... #.
#.....####≈≈≈###hK........#####.
####### ≈≈≈≈≈≈≈######...###.....
#≈≈≈≈≈≈≈≈ ####...#### ###≈≈≈####
#......# ##### #......# #......#
#......# ########


You could see 2 kobold brigands and a friendly hound (summoned).

Vanquished Creatures
  An ogre (D:3)
  A hound skeleton (D:4)
  2 adders (D:4)
  A gnoll (D:3)
  3 orcs
  4 ball pythons
  3 goblins
  2 hobgoblins (D:1)
  3 jackals (D:3)
  2 quokkas
  5 bats
  2 frilled lizards (D:2)
  3 kobolds
  A rat (D:2)
  A spectral hobgoblin (D:2)
34 creatures vanquished.

Vanquished Creatures (collateral kills)
  A gnoll shaman (D:4)
  An orc wizard (D:3)
  2 adders (D:4)
  5 gnolls
  6 orcs
  An endoplasm (D:4)
  A giant cockroach (D:1)
  6 goblins (D:3)
  11 hobgoblins
  7 jackals
  11 kobolds
  2 quokkas
  8 ball pythons
  A frilled lizard (D:1)
  3 rats (D:1)
66 creatures vanquished.

Vanquished Creatures (others)
  3 gnolls
3 creatures vanquished.

Grand Total: 103 creatures vanquished

Notes
Turn   | Place    | Note
-------+----------+-------------------------------------------
     0 | D:1      | themarg the Tengu Summoner began the quest for the Orb.
     0 | D:1      | Reached XP level 1. HP: 10/10 MP: 4/4
    27 | D:1      | Reached skill level 5 in Summonings
   172 | D:1      | Reached XP level 2. HP: 15/15 MP: 3/6
   774 | D:1      | You fall into a shaft and drop 1 floor!
   913 | D:1      | Found Cubrorax's Armour Shoppe.
  1223 | D:1      | Reached XP level 3. HP: 19/19 MP: 4/7
  1557 | D:2      | Learned a level 3 spell: Call Canine Familiar
  1866 | D:2      | Found a shimmering blue altar of Sif Muna.
  1874 | D:2      | Became a worshipper of Sif Muna the Loreminder
  2051 | D:2      | Found a faded altar of an unknown god.
  2440 | D:3      | Reached skill level 1 in Short Blades
  2513 | D:3      | Noticed an ogre
  2904 | D:3      | Reached XP level 4. HP: 23/24 MP: 4/8
  2908 | D:3      | Learned a level 3 spell: Summon Guardian Golem
  3000 | D:3      | Killed an ogre
  3001 | D:3      | Reached skill level 1 in Fighting
  3001 | D:3      | Reached skill level 6 in Summonings
  3001 | D:3      | Gained mutation: Your magical nature lets you fly swiftly
                  | and evasively. [Tengu growth]
  3001 | D:3      | Reached XP level 5. HP: 17/29 MP: 5/10
  4016 | D:3      | Reached * piety under Sif Muna
  4044 | D:3      | Reached XP level 6. HP: 15/34 MP: 6/12
  4358 | D:4      | Reached skill level 1 in Polearms
  4461 | D:4      | HP: 1/34 [themself (24)]
  5660 | D:4      | Slain by a kobold brigand

Illustrated notes

Levels and vault maps discovered:
D:1:      ncdulo_watergridlock, layout_loops_ring, serial_shops,
          nicolae_shop_crystal
D:2:      layout_basic, basic_altar, dreamdust_ecumenical_altar_drowned_temple,
          minmay_misc_feat_cross
D:3:      cheibrodos_greedy_goblins, layout_loops_ring
D:4:      cheibrodos_thug_alley, layout_rooms, kennysheep_nub,
          kennysheep_doodads, minmay_misc_feat_rows

Skill      XL: |  1  2  3  4  5  6 |
---------------+-------------------+-----
Summonings     | 5 6 |  6.7
Short Blades   | 1 2 |  2.2
Fighting       | 1 |  1.3
Spellcasting   | 3 |  3.7
Polearms       | 1 |  1.2
Dodging        | |  2.7
Stealth        | |  2.6
Hexes          | |  0.3

Action                   |  1- 3 |  4- 6 || total
-------------------------+-------+-------++-------
Melee: Unarmed           |     2 |       ||     2
       Kick              |     9 |    12 ||    21
       Rapier            |    47 |     7 ||    54
       Peck              |     8 |     9 ||    17
       Punch             |     1 |     1 ||     2
       Halberd           |       |    38 ||    38
       Spear             |       |    41 ||    41
 Cast: Summon Small Mamm |    41 |       ||    41
       Call Canine Famil |     8 |    24 ||    32
       Summon Guardian G |       |     7 ||     7
  Use: Potion            |       |     2 ||     2
 Stab: Sleeping          |     2 |       ||     2
Armor: Robe              |    13 |     3 ||    16
       Leather armour    |       |     3 ||     3
Dodge: Dodged            |    36 |    41 ||    77
